 Dungeon Sprint DCSS version 0.19-a0-1827-g174f941 (webtiles) character file.

1798 poirepourri the Eclecticist (level 8, -7/40 (41) HPs)
             Began as a Deep Elf Fire Elementalist on Oct 7, 2016.
             Was a High Priest of Vehumet.
             Killed from afar by Erica (12 damage)
             ... with an orb of energy
             ... in the Dungeon (Sprint III: "The Ten Rune Challenge").
             The game lasted 00:04:23 (1246 turns).

poirepourri the Eclecticist (DEFE)                  Turns: 1246, Time: 00:04:23

HP:   -7/40 (41)    AC:  3    Str:  5    XL:     8   Next: 83%
MP:   9/31          EV: 13    Int: 23    God:    Vehumet [*****.]
Gold: 50            SH:  0    Dex: 15    Spells: 7 memorised, 22 levels left

rFire  . . .     SeeInvis .     s - +0 dagger
rCold  . . .     Gourm    .     a - +0 robe
rNeg   . . .     Faith    .     (no shield)
rPois  .         Spirit   .     (no helmet)
rElec  .         Dismiss  .     l - +0 cloak
rCorr  .         Reflect  .     (no gloves)
MR     .....     Harm     .     (no boots)
Stlth  +......... NoTele   +    (no amulet)
                                (no ring)
                                (no ring)

@: confused
A: no striking features
a: Renounce Religion


You were in the Dungeon.
You worshipped Vehumet.
Vehumet was extremely pleased with you.
You were not hungry.

You visited 1 branch You collected 50 gold pieces.

Inventory:

Hand Weapons
 s - a +0 dagger (weapon)
Armour
 a - a +0 robe (worn)
 l - a +0 cloak (worn)
Wands
 k - a wand of polymorph (6/24)
Scrolls
 i - a scroll of blinking
 n - 2 scrolls of torment
 o - a scroll of identify
Potions
 d - 2 potions of curing
 f - a potion of haste
 g - 2 potions of magic
 h - a potion of berserk rage
 m - 2 potions of mutation
 q - 2 potions of cure mutation
 u - 2 potions of flight
 v - a potion of might
Books
 b - a book of Flames

   Spells                             Type                      Level
   a - Flame Tongue                   Conjuration/Fire             1
   b - Throw Flame                    Conjuration/Fire             2
   c - Conjure Flame                  Conjuration/Fire             3
   d - Inner Flame                    Hexes/Fire                   3
   e - Sticky Flame                   Conjuration/Fire             4
   f - Fireball                       Conjuration/Fire             5
 e - a book of Minor Magic

   Spells                             Type                      Level
   a - Magic Dart                     Conjuration                  1
   b - Blink                          Translocation                2
   c - Call Imp                       Summoning                    2
   d - Repel Missiles                 Charms/Air                   2
   e - Slow                           Hexes                        2
   f - Conjure Flame                  Conjuration/Fire             3
   g - Mephitic Cloud                 Conjuration/Poison/Air       3
 r - a book of Transfigurations

   Spells                             Type                      Level
   a - Irradiate                      Conjuration/Transmutation    5
   b - Statue Form                    Transmutation/Earth          6
   c - Hydra Form                     Transmutation                6
   d - Dragon Form                    Transmutation                7
Comestibles
 c - a bread ration
 p - 2 royal jellies
 t - 5 fruits


   Skills:
 - Level 2.4 Dodging
 - Level 2.4 Stealth
 - Level 0.4 Unarmed Combat
 * Level 17.4 Spellcasting
 + Level 8.3 Conjurations
 + Level 12.7 Fire Magic


You had 22 spell levels left.
You knew the following spells:

 Your Spells              Type           Power        Failure   Level  Hunger
a - Flame Tongue          Conj/Fire      #####        1%          1    None
b - Throw Flame           Conj/Fire      ######       1%          2    None
c - Conjure Flame         Conj/Fire      ######..     1%          3    None
d - Inner Flame           Hex/Fire       #####...     1%          3    None
e - Sticky Flame          Conj/Fire      ######..     1%          4    None
f - Fireball              Conj/Fire      ######....   1%          5    None
g - Magic Dart            Conj           ####         1%          1    None


Dungeon Overview and Level Annotations

Branches:
Dungeon (1/1)

Altars:
Cheibriados
Dithmenos
Elyvilon
Fedhas
Gozag
Hepliaklqana
Kikubaaqudgha
Makhleb
Nemelex Xobeh
Okawaru
Qazlal
Ru
Sif Muna
Trog
Uskayaw
Vehumet
Xom
Yredelemnul
Zin
The Shining One
Beogh
Jiyva
Lugonu

Shops:
D ?

Annotations:
D Erica


Message History

Aim: Erica, wielding a scimitar of flaming and wearing a robe (severely wounded)
Okay, then.
You're too confused to cast spells.
You're too confused!
Unknown command.
Okay, then.
Okay, then.
You bump into the stone wall.
You bump into the stone wall.
Erica closely misses you.
Okay, then.
Erica hits you with a scimitar of flaming!
* * * LOW HITPOINT WARNING * * *
Erica burns you.
* * * LOW HITPOINT WARNING * * *
You hit Erica but do no damage.
Erica is severely wounded.
Erica closely misses you. Erica gestures at you while chanting.
The orb of energy hits you!
You die...

▓▓▓▓▓▓▓▓▓▓▓▓▓ ▓▓▓ ▓<.#..'..!..♣
♣.############## ▓..#..#....♣♣
♣♣.#___#__[#__#$# ▓#'####....♣♣
♣..#...#__)#._#..
▓.....#....≈♣♣♣♣..###'#'###'##o$
▓....)#...≈≈♣.♣♣..#..[...†[..#$$
▓.....#..≈≈≈≈♣....).⌠o))@..)†#.o
▓####'#..≈≈≈≈≈≈.♣@#...######'#o#
▓..)..#.≈≈≈≈≈≈.@..#.⌠.#__#...#'#
▓.....#.≈≈≈≈≈..)..#...#__#..)#oo
▓.....#.≈≈≈.......#'###__#..o#§#
▓'#####.........).#[..#__#...o)#
▓......÷..........#___#__)...#.#
▓▓▓▓▓▓▓▓▓▓▓▓▓▓▓▓▓▓▓▓▓▓▓▓▓▓▓▓▓▓▓▓


You could see Erica.

Vanquished Creatures
  A deep elf mage (D)
  An orc sorcerer (D)
  A shadow (D)
  A spatial vortex (D)
  A necrophage (D)
  A water elemental (D)
  An orc priest (D)
  A wizard (D)
  Crazy Yiuf (D)
  A jelly (D)
  Jessica (D)
  A necromancer (D)
  3 orc wizards (D)
  3 humans (D)
  A kobold demonologist (D)
  An ooze (D)
  10 orcs (D)
  A ball python (D)
  A rat (D)
32 creatures vanquished.

Vanquished Creatures (others)
  2 draconian scorchers (D)
  6 hellions (D)
  2 yaktaurs (D)
10 creatures vanquished.

Grand Total: 42 creatures vanquished

Notes
Turn   | Place    | Note
-------+----------+-------------------------------------------
     0 | D        | poirepourri the Deep Elf Fire Elementalist began the quest for the Orb.
     0 | D        | Reached XP level 1. HP: 10/10 MP: 6/6
     7 | D        | Reached skill level 4 in Spellcasting
    32 | D        | Killed a yaktaur
    56 | D        | Noticed Jessica
    59 | D        | Killed Jessica
    59 | D        | Reached skill level 6 in Spellcasting
    59 | D        | Reached skill level 5 in Fire Magic
    59 | D        | Reached XP level 2. HP: 15/15 MP: 6/11
    59 | D        | Reached XP level 3. HP: 19/19 MP: 6/12
    63 | D        | Learned a level 2 spell: Throw Flame
    67 | D        | Learned a level 3 spell: Conjure Flame
    71 | D        | Learned a level 3 spell: Inner Flame
    90 | D        | Killed a hellion
   126 | D        | Reached skill level 7 in Spellcasting
   135 | D        | Killed a hellion
   150 | D        | Killed a hellion
   151 | D        | Killed a hellion
   151 | D        | Killed a hellion
   210 | D        | Noticed Crazy Yiuf
   229 | D        | Killed a white draconian scorcher
   236 | D        | Killed a white draconian scorcher
   242 | D        | Killed Crazy Yiuf
   242 | D        | Reached skill level 8 in Spellcasting
   242 | D        | Reached XP level 4. HP: 24/24 MP: 14/16
   258 | D        | Killed a hellion
   274 | D        | Learned a level 4 spell: Sticky Flame
   347 | D        | Noticed a water elemental
   356 | D        | Killed a water elemental
   356 | D        | Reached skill level 9 in Spellcasting
   399 | D        | Found a radiant altar of Vehumet.
   399 | D        | Found a deep blue altar of Sif Muna.
   399 | D        | Found an ancient bone altar of Kikubaaqudgha.
   399 | D        | Noticed a wizard
   403 | D        | Killed a wizard
   403 | D        | Reached skill level 10 in Spellcasting
   403 | D        | Reached XP level 5. HP: 28/28 MP: 14/19
   417 | D        | Became a worshipper of Vehumet
   490 | D        | Learned a level 5 spell: Fireball
   492 | D        | Learned a level 1 spell: Magic Dart
   497 | D        | Found a glowing silver altar of Zin.
   500 | D        | Noticed a deep elf mage
   503 | D        | Killed a deep elf mage
   503 | D        | Reached skill level 14 in Spellcasting
   503 | D        | Reached skill level 10 in Fire Magic
   503 | D        | Reached XP level 6. HP: 9/32 MP: 4/25
   503 | D        | Reached XP level 7. HP: 11/36 MP: 4/26
   543 | D        | Killed a yaktaur
   727 | D        | Found a glowing golden altar of the Shining One.
   728 | D        | Found a white marble altar of Elyvilon.
   730 | D        | Found a hide-covered altar of Uskayaw.
   730 | D        | Found a roughly hewn altar of Beogh.
   730 | D        | Found an iron altar of Okawaru.
   730 | D        | Found a bloodstained altar of Trog.
   730 | D        | Noticed a human
   730 | D        | Noticed a human
   732 | D        | Killed a human
   733 | D        | Killed a human
   733 | D        | Reached * piety under Vehumet
   733 | D        | Offered knowledge of Sandblast by Vehumet.
   733 | D        | Reached skill level 15 in Spellcasting
   814 | D        | Found a basalt altar of Yredelemnul.
   814 | D        | Found a shadowy altar of Dithmenos.
   814 | D        | Found a sacrificial altar of Ru.
   827 | D        | Reached XP level 8. HP: 32/40 MP: 22/29
  1001 | D        | Reached ** piety under Vehumet
  1001 | D        | Offered knowledge of Freeze by Vehumet.
  1036 | D        | Found a blossoming altar of Fedhas.
  1036 | D        | Found a stormy altar of Qazlal.
  1036 | D        | Found a snail-covered altar of Cheibriados.
  1036 | D        | Found a burning altar of Makhleb.
  1036 | D        | Found a shimmering altar of Xom.
  1037 | D        | Found a hazy altar of Hepliaklqana.
  1037 | D        | Found an opulent altar of Gozag.
  1037 | D        | Found a sparkling altar of Nemelex Xobeh.
  1037 | D        | Found a corrupted altar of Lugonu.
  1037 | D        | Found a viscous altar of Jiyva.
  1049 | D        | Reached skill level 16 in Spellcasting
  1114 | D        | Found Henn's Magic Scroll Shoppe.
  1115 | D        | Noticed Erica
  1136 | D        | Reached *** piety under Vehumet
  1187 | D        | Offered knowledge of Ignite Poison by Vehumet.
  1187 | D        | Reached **** piety under Vehumet
  1210 | D        | Noticed an orc sorcerer
  1212 | D        | Noticed an orc high priest
  1219 | D        | Killed an orc sorcerer
  1219 | D        | Reached ***** piety under Vehumet
  1219 | D        | Reached skill level 17 in Spellcasting
  1246 | D        | Killed from afar by Erica

Vault maps used:
D:        dungeon_sprint_mu

Skill      XL: |  1  2  3  4  5  6  7  8 |
---------------+-------------------------+-----
Spellcasting   | 6 8 10 14 15 17 | 17.4
Fire Magic     | 5 6 8 10 11 12 | 12.7
Conjurations   | 2 3 6 8 |  8.3
Dodging        | |  2.4
Stealth        | |  2.4
Unarmed Combat | |  0.4

Action                   |  1- 3 |  4- 6 |  7- 9 || total
-------------------------+-------+-------+-------++-------
Melee: Unarmed           |     2 |       |       ||     2
       Dagger            |       |       |     1 ||     1
 Cast: Flame Tongue      |    16 |     5 |    26 ||    47
       Throw Flame       |     1 |     3 |    10 ||    14
       Conjure Flame     |     1 |       |       ||     1
       Fireball          |       |     2 |    13 ||    15
  Use: Scroll            |     1 |     4 |       ||     5
       Potion            |       |     1 |       ||     1
  Eat: Meat ration       |       |       |     1 ||     1
Dodge: Dodged            |     4 |       |     6 ||    10
